 Dungeon Crawl Stone Soup version 0.30-a0-672-gc3a7216ad8 (webtiles) character file.

Game seed: 12675774158927856254

3840 pyrow613 the Fighter (level 9, 0/70 (81) HPs)
             Began as a Demigod Fighter on Jan 16, 2023.
             Slain by a wight
             ... wielding a +3 halberd of freezing
              (4 damage)
             ... on level 9 of the Dungeon on Jan 18, 2023.
             The game lasted 00:36:51 (8860 turns).

pyrow613 the Fighter (Demigod Fighter)              Turns: 8860, Time: 00:36:51

HP:   0/70 (81)     AC: 22    Str: 26    XL:     9   Next: 66%
MP:   0/20          EV:  8    Int: 10    God:
Gold: 129           SH:  6    Dex: 21    Spells: 8/8 levels left

rFire   . . .      SeeInvis .    b - +9 dagger "Hydraslayer" {protect, Will+ Str+5}
rCold   . . .      Faith    .    c - +0 buckler
rNeg    . . .      Spirit   +    n - +0 chain mail
rPois   .          Reflect  .    l - +0 helmet
rElec   .          Harm     .    q - +0 cloak
rCorr   .          Rampage  .    (no gloves)
Will    +....                    D - +2 pair of boots Stlth
                                 y - amulet of guardian spirit
HPRegen 0.31/turn                f - ring of magical power
MPRegen 0.17/turn                r - ring of flight

@: under a protective aura, flying, heavily drained
A: high MP 1, forlorn, divine attributes
a: no special abilities


You were on level 9 of the Dungeon.
You visited 1 branch of the dungeon, and saw 9 of its levels.
You also visited: Sewer.

You collected 489 gold pieces.
You spent 360 gold pieces at shops.

Inventory:

Hand Weapons
 a - a +3 vampiric trident
 b - the +9 dagger "Hydraslayer" (weapon) {protect, Will+ Str+5}
   (You found it on level 5 of the Dungeon)

   Str:       It affects your strength (+5).
   Will:      It increases your willpower.
 B - a +0 dagger of venom
Missiles
 e - 68 stones (quivered)
 E - a throwing net
Armour
 c - a +0 buckler (worn)
 l - a +0 helmet (worn)
 n - a +0 chain mail (worn)
 q - a +0 cloak (worn)
 D - a +2 pair of boots (worn)
Magical Staves
 w - a staff of fire
Jewellery
 f - a ring of magical power (left hand)
 r - a ring of flight (right hand)
 y - an amulet of guardian spirit (around neck)
 G - a ring of wizardry
 I - a ring of positive energy
Wands
 m - a wand of polymorph (4)
 o - a wand of iceblast (15)
Scrolls
 g - 7 scrolls of identify
 j - 2 scrolls of brand weapon
 k - a scroll of immolation
 v - a scroll of torment
 z - 3 scrolls of enchant weapon
 F - a scroll of teleportation
 H - a scroll of blinking {unknown}
Potions
 d - 2 potions of might
 h - 2 potions of heal wounds
 i - 8 potions of curing
 p - a potion of haste
 s - 6 potions of lignification
 t - 2 potions of invisibility
 u - 2 potions of attraction
 x - a potion of berserk rage
 A - 2 potions of flight
 C - a potion of ambrosia


   Skills:
 * Level 8.1 Fighting
 - Level 4.5 Short Blades
 * Level 6.1 Polearms
 + Level 6.0 Armour
 + Level 5.9 Shields


You had 8 spell levels left.
You didn't know any spells.
Your spell library contained the following spells:

 Spells                   Type           Power      Damage    Failure   Level
 Apportation              Tloc           0%         N/A       95%         1
 Necrotise                Necr           0%         1d4       95%         1
 Shock                    Conj/Air       0%         1d3       95%         1
 Summon Small Mammal      Summ           0%         N/A       95%         1
 Lesser Beckoning         Tloc           0%         N/A       99%         2
 Gell's Gravitas          Tloc           0%         N/A       100%        3
 Summon Guardian Golem    Hex/Summ       0%         N/A       100%        3
 Teleport Other           Tloc           0%         N/A       100%        3
 Orb of Destruction       Conj           0%         9d5       100%        7
 Spellforged Servitor     Conj/Summ      0%         N/A       100%        7


Dungeon Overview and Level Annotations

Branches:
Dungeon (9/15)             Temple (0/1) D:7            Lair (0/5) D:9
  Sewer (visited)
    Orc: D:9-12

Shops:
D:4 *   D:7 *


Innate Abilities, Weirdness & Mutations

You have an increased reservoir of magic. (+10% MP)
You shall have no god before yourself.
Your divine heritage dramatically boosts your attributes as you level up.


Message History

You hit the wight.
You destroy the wight!
You block the wight's attack. The wight hits you with a +0 flail.
The wight hits you but does no damage. The wight attacks as you move away!
The wight hits you but does no damage. The wight closely misses you.
Things that are here:
a +0 falchion; a +0 robe You closely miss the wight.
The wight hits you but does no damage. x2
The wight barely misses you.
You hit the wight.
The wight is moderately damaged.
The wight barely misses you.
The wight hits you with a +0 dire flail.
You feel drained. You block the wight's attack.
You puncture the wight!
The wight is severely damaged.
The wight hits you with a +0 flail.
* * * LOW HITPOINT WARNING * * *
The wight hits you from afar with a +3 halberd of freezing.
* * * LOW HITPOINT WARNING * * *
You feel drained. The wight freezes you.
* * * LOW HITPOINT WARNING * * *
The wight hits you with a +0 dire flail!
* * * LOW HITPOINT WARNING * * *
You feel drained.
* * * LOW HITPOINT WARNING * * *
You puncture the wight!
You destroy the wight!
You block the wight's attack.
The wight hits you from afar with a +3 halberd of freezing.
* * * LOW HITPOINT WARNING * * *
The wight freezes you.
Your Armour skill increases to level 6!
The wight hits you with a +0 flail.
* * * LOW HITPOINT WARNING * * *
You feel drained.
* * * LOW HITPOINT WARNING * * *
The wight hits you from afar with a +3 halberd of freezing.
You die...

....##....##
...........#
...........+
...........#
...........#
..###....## .#
####'#####..##
#.....).......
#.....@zz.....
#......†......
#.............
#.............
#.............
#.............
##......#..###
###########


You could see 2 wights.

Vanquished Creatures
  Pikel (D:6)
  A hornet (D:5)
  Grinder (D:5)
  Sigmund (D:4)
  A wyvern (D:9)
  A steam dragon (D:8)
  Pargi (Sewer)
  4 ice beasts
  2 black bears
  A sky beast (D:8)
  2 centaurs (D:7)
  An ogre (D:6)
  2 lemures (D:6)
  A phantom (D:6)
  A kobold brigand (D:8)
  A bullfrog (D:7)
  2 scorpions
  2 wights (D:9)
  A killer bee (D:9)
  5 howler monkeys
  A crimson imp (D:8)
  4 orc priests
  A gnoll bouda (D:5)
  5 hounds
  3 iguanas
  10 orc wizards
  5 gnolls (D:5)
  5 adders
  2 river rats (D:3)
  2 shadow imps
  5 worms
  A dart slug (D:1)
  24 orcs
  3 endoplasms
  4 giant cockroaches
  4 goblins
  11 hobgoblins
  4 jackals (D:2)
  13 kobolds
  3 quokkas
  4 ball pythons
  4 bats
  5 frilled lizards
  6 rats
161 creatures vanquished.

Vanquished Creatures (others)
  A fungus (D:2)
  10 plants (D:3)
11 creatures vanquished.

Grand Total: 172 creatures vanquished

Notes
Turn   | Place    | Note
-------+----------+-------------------------------------------
     0 | D:1      | pyrow613 the Demigod Fighter began the quest for the Orb.
     0 | D:1      | Reached XP level 1. HP: 18/18 MP: 3/3
   355 | D:1      | Reached XP level 2. HP: 25/25 MP: 4/4
   357 | D:1      | Reached skill level 3 in Fighting
  1085 | D:2      | Reached XP level 3. HP: 31/31 MP: 5/5
  1935 | D:3      | Reached XP level 4. HP: 38/38 MP: 6/6
  1992 | D:3      | Found a glowing drain.
  1996 | Sewer    | Entered a sewer
  2119 | Sewer    | Noticed Pargi
  2134 | Sewer    | Killed Pargi
  2135 | Sewer    | Reached skill level 4 in Fighting
  2135 | Sewer    | Reached XP level 5. HP: 39/46 MP: 7/7
  2326 | D:3      | HP: 1/46 [something/magic dart (8)]
  2330 | D:3      | Reached XP level 6. HP: 9/52 MP: 8/8
  2485 | D:3      | Got Vehumet's Volume of Arcane Weapons
  3214 | D:4      | Noticed Sigmund
  3231 | D:4      | Killed Sigmund
  3299 | D:4      | Reached XP level 7. HP: 58/60 MP: 9/9
  3329 | D:4      | Reached skill level 5 in Fighting
  3557 | D:4      | Found Irchup's Neck Hole.
  3931 | D:5      | Entered Level 5 of the Dungeon
  3992 | D:5      | Noticed a hornet
  4003 | D:5      | Killed a hornet
  4004 | D:5      | Reached skill level 5 in Polearms
  4442 | D:4      | Bought an amulet of guardian spirit for 300 gold pieces
  4860 | D:5      | Identified the +9 dagger "Hydraslayer" {protect, Will+
                  | Str+5}
  4961 | D:5      | Reached XP level 8. HP: 65/70 MP: 10/10
  5211 | D:5      | Reached skill level 6 in Fighting
  5211 | D:5      | Reached skill level 1 in Short Blades
  5459 | D:6      | Noticed Pikel
  5750 | D:6      | Noticed Grinder
  5989 | D:5      | Killed Grinder
  5990 | D:5      | Reached skill level 5 in Armour
  5990 | D:5      | Reached skill level 5 in Shields
  6445 | D:6      | Reached skill level 7 in Fighting
  6567 | D:6      | Killed Pikel
  6568 | D:6      | Reached XP level 9. HP: 73/79 MP: 11/11
  6919 | D:7      | Found a staircase to the Ecumenical Temple.
  7246 | D:7      | Found Libbej's General Store.
  7253 | D:7      | You are sucked into a shaft and drop 1 floor!
  7293 | D:7      | Bought 3 scrolls of identify for 60 gold pieces
  7294 | D:7      | Identified a scroll of acquirement
  7298 | D:7      | Acquired the +5 lajatang "Duvog" {venom, Contam rN+++}
  8618 | D:9      | Found a staircase to the Lair.
  8622 | D:9      | Reached skill level 8 in Fighting
  8637 | D:9      | Upgraded the game from 0.30-a0-639-g3916f1956a to
                  | 0.30-a0-672-gc3a7216ad8
  8860 | D:9      | Slain by a wight

Illustrated notes

Levels and vault maps discovered:
D:1:      dpeg_arrival_castle, layout_basic, serial_glass, glass_columns_c,
          glass_columns_c, due_unseen_surprise, feat_on_display,
          minmay_strange_pillars, feat_on_display
D:2:      layout_loops_cross, shapermc_ecumenical_altar_acropolis,
          nicolae_kite_square_tiling_tiny, reono_crystal_passage,
          minmay_joined_circles
D:3:      layout_rooms, palyth_temple_overflow_mages, lemuel_crystal_altar,
          grunt_qazlal_clouds, mainiacjoe_overflow_24_doors,
          gup_sewer_entry_spiral, chequers_big_river
D:4:      layout_basic, nicolae_elyvilon_temple_path,
          mainiacjoe_overflow_concentric_impassable, minivault_27,
          hangedman_decor_peaks_small, minmay_misc_feat_roman,
          nicolae_shop_sticking_my_neck_out, uniq_sigmund
D:5:      lemuel_ice_spiral_2, layout_basic
D:6:      layout_layer_cave, hangedman_decor_slide_cut, uniq_grinder, uniq_pikel
D:7:      layout_gridville, minmay_temple_entry_statues_fountains, serial_shops,
          shop
D:8:      nicolae_cairo_tiling_very_big, layout_loops_ring,
          makhleb_grotto_becter
D:9:      layout_gridville, erik_lair_orcish_takeover

Skill      XL: |  1  2  3  4  5  6  7  8  9 |
---------------+----------------------------+-----
Polearms       | 2 3 4 5 6 |  6.1
Fighting       | 3 4 5 7 8 |  8.1
Armour         | 3 4 5 6 |  6.0
Shields        | 3 4 5 |  5.9
Short Blades   | 4 |  4.5

Action                   |  1- 3 |  4- 6 |  7- 9 || total
-------------------------+-------+-------+-------++-------
Melee: Trident           |    80 |   143 |    83 ||   306
       Spear             |   128 |       |       ||   128
       Dagger            |       |       |   357 ||   357
Throw: Stone             |       |       |     1 ||     1
Evoke: Wand              |       |       |     4 ||     4
  Use: Scroll            |    13 |     2 |    11 ||    26
       Potion            |       |     2 |     3 ||     5
 Stab: Invisible         |       |     1 |       ||     1
Armor: Scale mail        |    50 |       |       ||    50
       Chain mail        |    45 |   113 |   245 ||   403
Dodge: Dodged            |    69 |    28 |   158 ||   255
Block: Buckler           |    35 |    33 |   116 ||   184

Table legend: (Time is in decaauts)
 A = Elapsed time spent in this place.
 B = Non-inter-level travel time spent in this place.
 C = Inter-level travel time spent in this place.
 D = Time resting spent in this place.
 E = Time spent auto-exploring this place.
 F = Levels seen in this place.
 G = Mean time per level.
                   A        B        C        D        E       F      G
               +--------+--------+--------+--------+--------+-----+--------+
         Total |   8932 |   8521 |    411 |    492 |   6274 |  10 |  893.2 |
       Dungeon |   8734 |   8323 |    411 |    492 |   6168 |   9 |  970.4 |
         Sewer |    197 |    197 |      0 |      0 |    106 |   1 |  197.0 |
               +--------+--------+--------+--------+--------+-----+--------+

Top non-repeatable levels by time:
     D:6: 1545 daAuts
     D:5: 1339 daAuts
     D:3: 1199 daAuts
     D:8: 982 daAuts
     D:4: 964 daAuts
     D:1: 950 daAuts
     D:2: 813 daAuts
     D:7: 702 daAuts
     D:9: 236 daAuts
   Sewer: 197 daAuts
